ITL
OTSEGO BULLDOGS @ AMARILLO ARCHDUKES
05/12/2027
 
TOP OF THE 1ST
Otsego Bulldogs batting - Pitching for Amarillo Archdukes : RHP Ray McIntyre
Pitching: RHP Ray McIntyre
Batting: RHB Luis Antonio Velásquez 0-0: Ball
1-0: Ball
2-0: Ground out 6-3 (Groundball, 56)
Batting: RHB Juan Pérez 0-0: Swinging Strike
0-1: Swinging Strike
0-2: Foul Ball, location: 2F
0-2: Strikes out swinging
Batting: RHB Jesús Tisnado 0-0: Ball
1-0: Ball
2-0: Ball
3-0: Called Strike
3-1: Base on Balls
Batting: LHB Robert Moore 0-0: Called Strike
0-1: Ball
1-1: Swinging Strike
1-2: Fly out, F4 (Popup, 4D)
Top of the 1st over - 0 run(s), 0 hit(s), 0 error(s), 1 left on base; Otsego 0 - Amarillo 0
BOTTOM OF THE 1ST
Amarillo Archdukes batting - Pitching for Otsego Bulldogs : LHP Sam Kettley
Pitching: LHP Sam Kettley
Batting: RHB Norm Francis 0-0: Called Strike
0-1: Ball
1-1: Ball
2-1: Ball
3-1: Base on Balls
Batting: LHB Chris Pryor 0-0: Ball
1-0: Foul Ball, location: 2F
1-1: Ball
2-1: Called Strike
2-2: Fielders Choice at 2nd, 6-4 (Groundball, 6D)
Batting: LHB Michael Cook 0-0: Ball
1-0: Ball
2-0: Called Strike
2-1: Called Strike
2-2: Ball
3-2: Fielders Choice at 2nd, 3-6 (Groundball, 3)
Batting: SHB Douglas Taylor 0-0: Fly out, F8 (Flyball, 8RS)
Bottom of the 1st over - 0 run(s), 0 hit(s), 0 error(s), 1 left on base; Otsego 0 - Amarillo 0
TOP OF THE 2ND
Otsego Bulldogs batting - Pitching for Amarillo Archdukes : RHP Ray McIntyre
Batting: RHB Jim Beck 0-0: Swinging Strike
0-1: SINGLE (Groundball, 6MD)
Batting: RHB Armando Cuevas 0-0: Called Strike
0-1: Ball
1-1: Called Strike
1-2: Strikes out swinging
Batting: RHB José Martínez 0-0: Called Strike
0-1: Ball
1-1: Swinging Strike
1-2: Fly out, F7 (Flyball, 7)
Batting: RHB Kyung-bok Cho 0-0: 2-RUN HOME RUN (Flyball, 7D), Distance : 341 ft
Batting: LHB Martin Davis 0-0: Ball
1-0: Ground out 4-3 (Groundball, 4)
Top of the 2nd over - 2 run(s), 2 hit(s), 0 error(s), 0 left on base; Otsego 2 - Amarillo 0
BOTTOM OF THE 2ND
Amarillo Archdukes batting - Pitching for Otsego Bulldogs : LHP Sam Kettley
Batting: LHB Howard Lambert 0-0: Ball
1-0: Foul Ball, location: 2F
1-1: Fly out, F4 (Line Drive, 4)
Batting: LHB Edwin Ryan 0-0: Ground out 1-3 (Groundball, 13)
Batting: RHB Herb Bunch 0-0: Called Strike
0-1: Ball
1-1: Called Strike
1-2: Strikes out swinging
Bottom of the 2nd over - 0 run(s), 0 hit(s), 0 error(s), 0 left on base; Otsego 2 - Amarillo 0
TOP OF THE 3RD
Otsego Bulldogs batting - Pitching for Amarillo Archdukes : RHP Ray McIntyre
Batting: RHB Luis Antonio Velásquez 0-0: Foul Ball, location: 2F
0-1: SINGLE (Groundball, 6) (infield hit)
Batting: RHB Juan Pérez 0-0: Called Strike
0-1: Ball
1-1: Ball
2-1: Ball
3-1: Called Strike
3-2: Grounds into double play, 6-4-3 (Groundball, 6)
Batting: RHB Jesús Tisnado 0-0: Called Strike
0-1: Ball
1-1: Called Strike
1-2: Foul Ball, location: 2F
1-2: Ball
2-2: Ball
3-2: Strikes out swinging
Top of the 3rd over - 0 run(s), 1 hit(s), 0 error(s), 0 left on base; Otsego 2 - Amarillo 0
BOTTOM OF THE 3RD
Amarillo Archdukes batting - Pitching for Otsego Bulldogs : LHP Sam Kettley
Batting: RHB Nobuharu Hoshino 0-0: Called Strike
0-1: Called Strike
0-2: SINGLE (Groundball, 6MD)
Batting: RHB José Ruíz 0-0: Called Strike
0-1: Ball
1-1: Foul Ball, location: 2F
1-2: Foul Ball, location: 2F
1-2: Ball
2-2: Fly out, F9 (Flyball, 9LM)
Batting: RHB Norm Francis 0-0: Ball
1-0: Ball
2-0: Foul Ball, location: 2F
2-1: Foul Ball, location: 2F
2-2: Fly out, F5 (Popup, 5D)
Batting: LHB Chris Pryor 0-0: Ball
1-0: Fielders Choice at 2nd, 4-6 (Groundball, 4)
Bottom of the 3rd over - 0 run(s), 1 hit(s), 0 error(s), 0 left on base; Otsego 2 - Amarillo 0
TOP OF THE 4TH
Otsego Bulldogs batting - Pitching for Amarillo Archdukes : RHP Ray McIntyre
Batting: LHB Robert Moore 0-0: Ball
1-0: Ball
2-0: Called Strike
2-1: Foul Ball, location: 2F
2-2: Foul Ball, location: 2F
2-2: Ball
3-2: Ground out 6-3 (Groundball, 6M)
Batting: RHB Jim Beck 0-0: Ball
1-0: Called Strike
1-1: Called Strike
1-2: Foul Ball, location: 2F
1-2: DOUBLE (Flyball, 8RD)
Batting: RHB Armando Cuevas 0-0: Ball
1-0: Foul Ball, location: 2F
1-1: Swinging Strike
1-2: SINGLE (Groundball, 34D)
Jim Beck to third
Batting: RHB José Martínez 0-0: Ball
1-0: Foul Ball, location: 2F
1-1: Ball
2-1: Swinging Strike
2-2: Strikes out swinging
Batting: RHB Kyung-bok Cho 0-0: Ball
1-0: Ball
2-0: Called Strike
2-1: Ball
3-1: Foul Ball, location: 2F
3-2: SINGLE (Groundball, 56D)
Jim Beck scores
Armando Cuevas to second
Armando Cuevas to third
Batting: LHB Martin Davis 0-0: Ball
1-0: Foul Ball, location: 2F
1-1: Ball
2-1: Foul Ball, location: 2F
2-2: Strikes out swinging
Top of the 4th over - 1 run(s), 3 hit(s), 0 error(s), 2 left on base; Otsego 3 - Amarillo 0
BOTTOM OF THE 4TH
Amarillo Archdukes batting - Pitching for Otsego Bulldogs : LHP Sam Kettley
Batting: LHB Michael Cook 0-0: Ball
1-0: Called Strike
1-1: Called Strike
1-2: Ball
2-2: Ball
3-2: Ground out 4-3 (Groundball, 4)
Batting: SHB Douglas Taylor 0-0: Foul Ball, location: 2F
0-1: Ball
1-1: Foul Ball, location: 2F
1-2: Ball
2-2: Foul Ball, location: 2F
2-2: Fly out, F8 (Flyball, 78S)
Batting: LHB Howard Lambert 0-0: Foul Ball, location: 2F
0-1: Called Strike
0-2: Foul Ball, location: 2F
0-2: Strikes out swinging
Bottom of the 4th over - 0 run(s), 0 hit(s), 0 error(s), 0 left on base; Otsego 3 - Amarillo 0
TOP OF THE 5TH
Otsego Bulldogs batting - Pitching for Amarillo Archdukes : RHP Ray McIntyre
Batting: RHB Luis Antonio Velásquez 0-0: Ball
1-0: Called Strike
1-1: Ball
2-1: DOUBLE (Line Drive, 78M)
Batting: RHB Juan Pérez 0-0: Called Strike
0-1: Ball
1-1: SINGLE (Groundball, 6MD)
Luis Antonio Velásquez to third
Runner from 3rd tries for Home, SAFE, no throw
Pitching: RHP Pedro Lara
Batting: RHB Jesús Tisnado 0-0: Called Strike
0-1: SINGLE (Flyball, 8LS)
Juan Pérez to second
Batting: LHB Robert Moore 0-0: Ball
1-0: Ball
2-0: Ball
Wild Pitch!
Juan Pérez to third
Jesús Tisnado to second
3-0: Intentional Walk
Batting: RHB Jim Beck 0-0: Called Strike
0-1: Fly out, F9 (Flyball, 9S)
Batting: RHB Armando Cuevas 0-0: Foul Ball, location: 2F
0-1: Reached on error, E6 (Groundball, 56)
Juan Pérez scores
Jesús Tisnado to third
Robert Moore to second
Batting: RHB José Martínez 0-0: Ball
1-0: SINGLE (Line Drive, 4MD)
Jesús Tisnado scores
Robert Moore to third
Armando Cuevas to second
Batting: RHB Kyung-bok Cho 0-0: Ball
1-0: Ball
2-0: Fly out, F7 (Flyball, 7)
Runner from 3rd tags up, SCORES, throw made
Batting: LHB Martin Davis 0-0: Called Strike
0-1: Fly out, F8 (Flyball, 8RM)
Top of the 5th over - 4 run(s), 4 hit(s), 1 error(s), 2 left on base; Otsego 7 - Amarillo 0
BOTTOM OF THE 5TH
Amarillo Archdukes batting - Pitching for Otsego Bulldogs : LHP Sam Kettley
Batting: LHB Edwin Ryan 0-0: SINGLE (Flyball, 7LS)
Batting: RHB Herb Bunch 0-0: Called Strike
0-1: Ball
1-1: Ball
2-1: Foul Ball, location: 2F
2-2: Strikes out swinging
Batting: RHB Nobuharu Hoshino 0-0: Ball
1-0: Fly out, F7 (Flyball, 7)
Batting: RHB José Ruíz 0-0: Fly out, F8 (Line Drive, 78D)
Bottom of the 5th over - 0 run(s), 1 hit(s), 0 error(s), 1 left on base; Otsego 7 - Amarillo 0
TOP OF THE 6TH
Otsego Bulldogs batting - Pitching for Amarillo Archdukes : RHP Pedro Lara
Batting: RHB Luis Antonio Velásquez 0-0: Ground out 6-3 (Groundball, 6)
Batting: RHB Juan Pérez 0-0: Foul Ball, location: 2F
0-1: Ball
1-1: Ball
2-1: SOLO HOME RUN (Line Drive, 89XD), Distance : 379 ft
Batting: RHB Jesús Tisnado 0-0: Ball
1-0: Ground out 6-3 (Groundball, 6)
Batting: LHB Robert Moore 0-0: Ball
1-0: Ball
2-0: Swinging Strike
2-1: Swinging Strike
2-2: Foul Ball, location: 2F
2-2: Ball
3-2: Foul Ball, location: 2F
3-2: Foul Ball, location: 2F
3-2: Base on Balls
Batting: RHB Jim Beck 0-0: Called Strike
0-1: Ball
1-1: Ground out 6-3 (Groundball, 6M)
Top of the 6th over - 1 run(s), 1 hit(s), 0 error(s), 1 left on base; Otsego 8 - Amarillo 0
BOTTOM OF THE 6TH
Amarillo Archdukes batting - Pitching for Otsego Bulldogs : LHP Sam Kettley
Batting: RHB Norm Francis 0-0: Called Strike
0-1: Foul Ball, location: 2F
0-2: Ball
1-2: Strikes out swinging
Batting: LHB Chris Pryor 0-0: Ball
1-0: Fly out, F8 (Line Drive, 78D)
Batting: LHB Michael Cook 0-0: Ball
1-0: Ball
2-0: Ball
3-0: Base on Balls
Batting: SHB Douglas Taylor 0-0: Swinging Strike
0-1: Fly out, F9 (Flyball, 9)
Bottom of the 6th over - 0 run(s), 0 hit(s), 0 error(s), 1 left on base; Otsego 8 - Amarillo 0
TOP OF THE 7TH
Otsego Bulldogs batting - Pitching for Amarillo Archdukes : RHP Pedro Lara
Batting: RHB Armando Cuevas 0-0: Ball
1-0: Ball
2-0: Ball
3-0: Ground out 6-3 (Groundball, 56)
Batting: RHB José Martínez 0-0: Called Strike
0-1: Foul Ball, location: 2F
0-2: Foul Ball, location: 2F
0-2: Fly out, F3 (Flyball, 3DF)
Batting: RHB Kyung-bok Cho 0-0: Called Strike
0-1: Ball
1-1: Ball
2-1: Ball
3-1: Called Strike
3-2: Foul Ball, location: 2F
3-2: SINGLE (Groundball, 4MD)
Batting: LHB Martin Davis 0-0: Ground out U3 (Groundball, 3)
Top of the 7th over - 0 run(s), 1 hit(s), 0 error(s), 1 left on base; Otsego 8 - Amarillo 0
BOTTOM OF THE 7TH
Amarillo Archdukes batting - Pitching for Otsego Bulldogs : LHP Sam Kettley
Batting: LHB Howard Lambert 0-0: Called Strike
0-1: Fly out, F6 (Popup, 4MD)
Batting: LHB Edwin Ryan 0-0: Swinging Strike
0-1: Called Strike
0-2: Foul Ball, location: 2F
0-2: Foul Ball, location: 2F
0-2: Foul Ball, location: 2F
0-2: Ball
1-2: Foul Ball, location: 2F
1-2: Foul Ball, location: 2F
1-2: Ball
2-2: Fly out, F4 (Popup, 3D)
Batting: RHB Herb Bunch 0-0: Ball
1-0: Foul Ball, location: 2F
1-1: Called Strike
1-2: Strikes out swinging
Bottom of the 7th over - 0 run(s), 0 hit(s), 0 error(s), 0 left on base; Otsego 8 - Amarillo 0
TOP OF THE 8TH
Otsego Bulldogs batting - Pitching for Amarillo Archdukes : RHP Pedro Lara
Pitching: RHP Artie Byrne
Batting: RHB Luis Antonio Velásquez 0-0: Called Strike
0-1: Foul Ball, location: 2F
0-2: Ball
1-2: Foul Ball, location: 2F
1-2: Strikes out looking
Batting: RHB Juan Pérez 0-0: Ball
1-0: Called Strike
1-1: Swinging Strike
1-2: Strikes out looking
Batting: RHB Jesús Tisnado 0-0: Ball
1-0: Ball
2-0: Ball
3-0: Base on Balls
Batting: LHB Robert Moore 0-0: Ball
1-0: Ball
2-0: Ball
3-0: Called Strike
3-1: Base on Balls
Jesús Tisnado to second
Batting: RHB Jim Beck 0-0: Called Strike
0-1: Ball
1-1: Ball
2-1: Called Strike
2-2: Strikes out swinging
Top of the 8th over - 0 run(s), 0 hit(s), 0 error(s), 2 left on base; Otsego 8 - Amarillo 0
BOTTOM OF THE 8TH
Amarillo Archdukes batting - Pitching for Otsego Bulldogs : LHP Sam Kettley
Pitching: RHP Dave Smith
Now at 1B: Luis Maldonado
Now in RF: Felipe Rego
Batting: RHB Nobuharu Hoshino 0-0: Called Strike
0-1: Ball
1-1: Ball
2-1: Foul Ball, location: 2F
2-2: Fly out, F4 (Popup, 3D)
Batting: RHB José Ruíz 0-0: Ball
1-0: SINGLE (Groundball, 6MD)
Batting: RHB Norm Francis 0-0: Foul Ball, location: 2F
0-1: Foul Ball, location: 2F
0-2: Foul Ball, location: 2F
0-2: Strikes out swinging
Batting: LHB Chris Pryor 0-0: SINGLE (Groundball, 3S) (infield hit)
José Ruíz to second
Batting: LHB Michael Cook 0-0: Ball
1-0: Ball
2-0: Foul Ball, location: 2F
2-1: Fielders Choice at 2nd, 4-6 (Groundball, 4)
Bottom of the 8th over - 0 run(s), 2 hit(s), 0 error(s), 1 left on base; Otsego 8 - Amarillo 0
TOP OF THE 9TH
Otsego Bulldogs batting - Pitching for Amarillo Archdukes : RHP Artie Byrne
Batting: RHB Armando Cuevas 0-0: Ball
1-0: Ball
2-0: Ball
3-0: Called Strike
3-1: Foul Ball, location: 2F
3-2: SINGLE (Groundball, 56D)
Batting: RHB José Martínez 0-0: Ball
1-0: Ball
2-0: Called Strike
2-1: Foul Ball, location: 2F
2-2: Foul Ball, location: 2F
2-2: Fly out, F2 (Popup, 3S)
Batting: RHB Kyung-bok Cho 0-0: Ball
1-0: Fly out, F6 (Line Drive, 6)
Batting: LHB Martin Davis 0-0: Foul Ball, location: 2F
0-1: Swinging Strike
0-2: Strikes out swinging
Top of the 9th over - 0 run(s), 1 hit(s), 0 error(s), 1 left on base; Otsego 8 - Amarillo 0
BOTTOM OF THE 9TH
Amarillo Archdukes batting - Pitching for Otsego Bulldogs : RHP Dave Smith
Now at 2B: Pablo Morán
Batting: SHB Douglas Taylor 0-0: Swinging Strike
0-1: Ball
1-1: Foul Ball, location: 2F
1-2: Ball
2-2: Ball
3-2: Ground out 6-3 (Groundball, 6)
Batting: LHB Howard Lambert 0-0: Ball
1-0: Ball
2-0: Ball
3-0: Base on Balls
Batting: LHB Edwin Ryan 0-0: Ball
1-0: Called Strike
1-1: DOUBLE (Line Drive, 8RD)
Howard Lambert to third
Pitching: LHP Esteban Santos
Batting: RHB Herb Bunch 0-0: Swinging Strike
0-1: Ball
1-1: Ball
2-1: Foul Ball, location: 2F
2-2: Ball
3-2: Strikes out swinging
Batting: RHB Nobuharu Hoshino 0-0: Ball
1-0: Fly out, F9 (Flyball, 9LM)
Bottom of the 9th over - 0 run(s), 1 hit(s), 0 error(s), 2 left on base; Otsego 8 - Amarillo 0
Thursday, March 30th, 2017 - OOTP Baseball 17.12 Build 75